[ AOE2 MATCH · #474164653 ]
UnrankedHuns vs Mongols
Player's team · WIN
[ REPLAY ANALYSIS · EXTRACTED FROM THE RECORDED GAME ]
Feudal
—
Castle
—
Imperial
—
| APM avg | 26.8 |
| APM peak | 18 |
| eAPM avg | 20.9 |
| Villagers / military | 4 / 0 |
Focus
⚔️ 0.0% · 🌾 100.0%
Feudal
—
Castle
—
Imperial
—
| APM avg | 8.9 |
| APM peak | 6 |
| eAPM avg | 8.9 |
| Villagers / military | 4 / 0 |
Focus
⚔️ 0.0% · 🌾 100.0%
Feudal
—
Castle
—
Imperial
—
| APM avg | 10.4 |
| APM peak | 7 |
| eAPM avg | 10.4 |
| Villagers / military | 0 / 0 |
Feudal
—
Castle
—
Imperial
—
| APM avg | 22.4 |
| APM peak | 15 |
| eAPM avg | 22.4 |
| Villagers / military | 5 / 0 |
Focus
⚔️ 0.0% · 🌾 100.0%
Feudal
—
Castle
—
Imperial
—
| APM avg | 16.4 |
| APM peak | 11 |
| eAPM avg | 13.4 |
| Villagers / military | 4 / 0 |
Focus
⚔️ 0.0% · 🌾 100.0%
Feudal
—
Castle
—
Imperial
—
| APM avg | 16.4 |
| APM peak | 11 |
| eAPM avg | 14.9 |
| Villagers / military | 4 / 0 |
Focus
⚔️ 0.0% · 🌾 100.0%
Feudal
—
Castle
—
Imperial
—
| APM avg | 13.4 |
| APM peak | 9 |
| eAPM avg | 13.4 |
| Villagers / military | 0 / 0 |
Feudal
—
Castle
—
Imperial
—
| APM avg | 17.9 |
| APM peak | 12 |
| eAPM avg | 17.9 |
| Villagers / military | 4 / 0 |
Focus
⚔️ 0.0% · 🌾 100.0%
Match map
Initial resources + every placement click. Lines = walls · curves = elevation contours. ◆ gold · ⬟ stone · ● berries · ✦ relic · ◌ wall gap
Your base
nooblet3200's base
Emotions are prohibited's base
liehuo22's base
Aharr380's base
DrachenKuh's base
Spiz.101's base
LonelyKnight's base
Smoothed initial terrain · ◌ = detected wall gap · hover for details
Inputs per minute
— SimCity2000 - - nooblet3200
Build order — SimCity2000
4 actions detected in the replay
| 0:01 | Create | Villager (Male) |
| 0:01 | Create | Villager (Male) |
| 0:02 | Create | Villager (Male) |
| 0:02 | Create | Villager (Male) |
Build order — nooblet3200
1 actions detected in the replay
| 0:21 | Create | Villager (Male) ×4 |
Build order — Emotions are prohibited
0 actions detected in the replay
Build order — liehuo22
8 actions detected in the replay
| 0:04 | Create | Villager (Male) |
| 0:04 | Create | Villager (Male) |
| 0:04 | Create | Villager (Male) |
| 0:05 | Create | Villager (Male) |
| 0:05 | Create | Villager (Male) |
| 0:08 | Build | House |
| 0:11 | Build | Mill |
| 0:19 | Build | Farm |
Build order — Aharr380
2 actions detected in the replay
| 0:09 | Create | Villager (Male) ×4 |
| 0:14 | Build | Lumber Camp |
Build order — DrachenKuh
1 actions detected in the replay
| 0:08 | Create | Villager (Male) ×4 |
Build order — Spiz.101
0 actions detected in the replay
Build order — LonelyKnight
3 actions detected in the replay
| 0:02 | Create | Villager (Male) |
| 0:02 | Create | Villager (Male) |
| 0:11 | Create | Villager (Male) ×2 |
Match timeline
| 0:01 | Spiz.101 · resign |
[ AI ANALYSIS · 1 CREDIT ]
What really happened in this match?
Wolo.gg analyzes every decision: build order, eco, micro, common mistakes by bracket. Personalized analysis on WhatsApp or Discord in 30 seconds.
Civ guide
Huns
Map guide
256xForestNothing (Custom)
Perfil
Jugador #20942421